 Dungeon Crawl Stone Soup version 0.24-a0-252-g5076262 (webtiles) character file.

Game seed: 5289004493596942070

1955 Ijustatesigmund the Cleaver (level 9, 0/63 HPs)
             Began as an Octopode Fighter on Apr 17, 2019.
             Was an Initiate of Cheibriados.
             Slain by Borgoz's ghost (7 damage)
             ... on level 6 of the Dungeon.
             The game lasted 00:12:02 (6254 turns).

Ijustatesigmund the Cleaver (Octopode Fighter)      Turns: 6254, Time: 00:12:03

Health: 0/63       AC:  1    Str: 16    XL:     9   Next: 19%
Magic:  10/10      EV: 14    Int: 12    God:    Cheibriados [......]
Gold:   546        SH: 10    Dex: 15    Spells: 8/8 levels left

rFire    + . .     SeeInvis .   a - +2 war axe
rCold    . . .     Gourm    .   b - +1 shield
rNeg     . . .     Faith    .   (helmet restricted)
rPois    .         Spirit   .   (no amulet)
rElec    .         Reflect  .   (no ring)
rCorr    .         Harm     .   e - ring of protection from fire
MR       .....                  (no ring)
Stlth    ++........             (no ring)
HPRegen  0.20/turn              (no ring)
MPRegen  0.12/turn              (no ring)
                                (no ring)
                                (no ring)

@: very slow
A: almost no armour, stealthy swim, amphibious, 8 rings, constrict 8, camouflage
1, gelatinous body 1
a: Bend Time, Renounce Religion


You were on level 6 of the Dungeon.
You worshipped Cheibriados.
Cheibriados was noncommittal.
You were hungry.

You visited 2 branches of the dungeon, and saw 7 of its levels.
You also visited: Ossuary.

You collected 546 gold pieces.

Inventory:

Hand Weapons
 a - a +2 war axe (weapon)
Armour
 b - a +1 shield (worn)
Jewellery
 e - a ring of protection from fire (right tentacle)
 j - an uncursed ring of ice
Scrolls
 f - 2 scrolls of teleportation
 h - 2 scrolls of magic mapping
 k - 2 scrolls of identify
 o - 3 scrolls of remove curse
 q - a scroll of fear {unknown}
Potions
 c - a potion of brilliance
 g - a potion of curing
 i - 4 potions of lignification
 m - a potion of cancellation
 n - 3 potions of flight
 p - a potion of agility {unknown}
 u - a potion of berserk rage {unknown}
 v - 2 potions of invisibility {unknown}
Comestibles
 d - 6 rations


   Skills:
 + Level 6.9 Fighting
 + Level 8.3 Axes
 + Level 4.7 Dodging
 + Level 4.8 Shields
 * Level 1.7 Invocations


You had 8 spell levels left.
You didn't know any spells.
Your spell library contained the following spells:

 Spells                   Type           Power        Failure   Level  Hunger
 Animate Skeleton         Necr           N/A          77%         1    ##.....
 Pain                     Necr           #...         77%         1    ##.....
 Regeneration             Chrm/Necr      #.........   98%         3    ####...
 Vampiric Draining        Necr           #.........   98%         3    ####...
 Animate Dead             Necr           N/A          100%        4    #####..


Dungeon Overview and Level Annotations

Branches:
Dungeon (6/15)             Temple (1/1) D:6

Altars:
Ashenzari
Cheibriados
Dithmenos
Elyvilon
Fedhas
Gozag
Hepliaklqana
Nemelex Xobeh
Okawaru
Uskayaw
Vehumet
Wu Jian
Xom
Zin
The Shining One

Annotations:
D:6 Borgoz's ghost, novice GrGl


Innate Abilities, Weirdness & Mutations

You cannot wear most types of armour.
You are very stealthy in the water. (Stealth+)
You are amphibious.
You can wear up to eight rings at the same time.
You can use your tentacles to constrict eight enemies at once.
Your skin changes colour to match your surroundings (Stealth+).
Your rubbery body absorbs attacks. (AC +1, EV +1)


Message History

Borgoz's ghost closely misses you.
You hit Borgoz's ghost but do no damage.
Borgoz's ghost is severely damaged.
You block Borgoz's ghost's attack.
You hit Borgoz's ghost but do no damage.
Your squeeze misses Borgoz's ghost.
Borgoz's ghost is severely damaged.
Borgoz's ghost hits you!
* * * LOW HITPOINT WARNING * * *
You hit Borgoz's ghost.
Borgoz's ghost is severely damaged.
Borgoz's ghost hits you!
* * * LOW HITPOINT WARNING * * *
Borgoz's ghost hits you.
* * * LOW HITPOINT WARNING * * *
You hit Borgoz's ghost but do no damage.
You squeeze Borgoz's ghost!
Borgoz's ghost is almost destroyed.
Borgoz's ghost hits you!
You die...

##################
.................#
################.#
#.##########
#@##.......#
#W##.......#######
#w##.......'......
#######r.#.......#######
≈≈≈≈≈≈#..#.[............
≈)≈≈W≈'..#........#####.
≈≈≈≈≈≈#.##........# #.
#######.##........# #.
.. #.##........#####.


You could see a worm, Borgoz's ghost and a rat.

Vanquished Creatures
  An orc warrior (D:6)
  An ice beast (D:3)
  An ogre (D:5)
  2 centaurs (D:5)
  3 bullfrogs (D:6)
  A gnoll sergeant (D:4)
  2 elf skeletons (D:4)
  4 crimson imps
  A human zombie (D:4)
  2 hounds
  Crazy Yiuf (D:6)
  A jelly (D:5)
  3 orc priests
  A bullfrog skeleton (D:5)
  A human skeleton (D:4)
  5 iguanas
  7 orc wizards
  A worker ant (D:4)
  A killer bee zombie (D:6)
  A hound skeleton (D:5)
  8 mummies (Ossuary)
  4 gnolls (D:5)
  6 adders
  A shadow imp (D:5)
  2 oozes
  3 worms
  4 dart slugs
  3 leopard geckos
  21 orcs
  2 ball pythons
  7 giant cockroaches
  2 gnoll zombies (Ossuary)
  11 goblins
  5 hobgoblins
  6 jackals
  5 quokkas
  6 bats
  5 frilled lizards
  2 hobgoblin zombies (Ossuary)
  9 kobolds
  2 kobold zombies (Ossuary)
  2 orc skeletons (D:4)
  2 orc zombies (Ossuary)
  13 rats
171 creatures vanquished.

Notes
Turn   | Place    | Note
-------+----------+-------------------------------------------
     0 | D:1      | Ijustatesigmund the Octopode Fighter began the quest for
                  | the Orb.
     0 | D:1      | Reached XP level 1. HP: 16/16 MP: 1/1
    78 | D:1      | Reached XP level 2. HP: 19/21 MP: 2/2
   218 | D:1      | Reached skill level 3 in Axes
   218 | D:1      | Reached XP level 3. HP: 13/26 MP: 3/3
  1037 | D:2      | Reached XP level 4. HP: 27/32 MP: 4/4
  1196 | D:2      | Found an ornate altar of the Wu Jian Council.
  1355 | D:2      | Reached skill level 4 in Axes
  1696 | D:2      | Reached XP level 5. HP: 37/37 MP: 5/5
  2212 | D:3      | Noticed an ice beast
  2216 | D:3      | Killed an ice beast
  2216 | D:3      | Reached skill level 5 in Axes
  2216 | D:3      | Reached XP level 6. HP: 44/44 MP: 6/6
  2624 | D:3      | Found an iron altar of Okawaru.
  2906 | D:4      | Found a sand-covered staircase.
  2912 | D:4      | Reached skill level 5 in Fighting
  2912 | D:4      | Reached skill level 6 in Axes
  2912 | D:4      | Reached XP level 7. HP: 36/50 MP: 7/7
  2915 | Ossuary  | Entered an ossuary
  3718 | D:4      | Reached skill level 7 in Axes
  3811 | D:4      | Reached XP level 8. HP: 52/57 MP: 8/8
  4192 | D:5      | Entered Level 5 of the Dungeon
  5206 | D:5      | Reached skill level 8 in Axes
  5545 | D:5      | Found a radiant altar of Vehumet.
  5635 | D:6      | Reached XP level 9. HP: 52/63 MP: 9/9
  5707 | D:6      | Found a runed translucent door.
  5708 | D:6      | Noticed Crazy Yiuf
  5713 | D:6      | Killed Crazy Yiuf
  5735 | D:6      | Found a staircase to the Ecumenical Temple.
  5750 | Temple   | Entered the Ecumenical Temple
  5834 | Temple   | Became a worshipper of Cheibriados the Contemplative
  5894 | D:6      | Reached skill level 1 in Invocations
  6211 | D:6      | Found a runed translucent door.
  6216 | D:6      | Noticed Borgoz's ghost (novice GrGl)
  6254 | D:6      | Slain by Borgoz's ghost

Levels and vault maps discovered:
D:1:      minmay_arrival_plants_in_alcoves, layout_basic, minmay_tromino_v4_c
D:2:      layout_basic, overflow_temple_1_default
D:3:      layout_rooms, okawaru_gym_becter
D:4:      layout_loops_ring, nicolae_ossuary_entry_catacombs, first_ration,
          kennysheep_generic_room_16
D:5:      layout_gridville, vehumet_crystals
D:6:      layout_basic, lemuel_coloured_pillars_altar,
          minmay_temple_entry_ruins, ebering_ghost_sewer_f,
          nicolae_qazlal_style_of_elements, uniq_crazy_yiuf_cottage
Temple:   dshaligram_water_room_temple
Ossuary:  ossuary_tomb_3

Skill      XL: |  1  2  3  4  5  6  7  8  9 |
---------------+----------------------------+-----
Axes           | 3 4 5 6 7 8 |  8.3
Fighting       | 4 5 6 |  6.9
Dodging        | 4 |  4.7
Shields        | 4 |  4.8
Invocations    | 1 |  1.7

Action                   |  1- 3 |  4- 6 |  7- 9 || total
-------------------------+-------+-------+-------++-------
Melee: War axe           |    52 |    90 |   218 ||   360
       Tentacles         |     9 |    15 |    47 ||    71
       Constrict         |     8 |    23 |    44 ||    75
  Use: Scroll            |     5 |     9 |     5 ||    19
       Potion            |       |     1 |     6 ||     7
 Stab: Sleeping          |     5 |     5 |     6 ||    16
       Distracted        |       |       |     1 ||     1
  Eat: Chunk             |       |     6 |     4 ||    10
       Ration            |       |       |     2 ||     2
Armor: Skin              |     6 |     2 |     8 ||    16
Dodge: Dodged            |    13 |    32 |    82 ||   127
Block: Shield            |    22 |    41 |    77 ||   140

Table legend:
 A = Non-vault XP
 B = Vault XP
 C = Vault XP percentage of total XP
 D = Non-vault monster count
 E = Vault monster count
 F = Vault count percentage of total count
                 A         B        C        D         E       F
            +---------+---------+-------+---------+---------+-------
      Total |    2104 |     689 |  24.7 |     142 |      29 |  17.0
            +---------+---------+-------+---------+---------+-------
        D:1 |      56 |       2 |   3.4 |      28 |       1 |   3.4
        D:2 |     107 |       0 |   0.0 |      30 |       0 |   0.0
        D:3 |     366 |       0 |   0.0 |      28 |       0 |   0.0
        D:4 |     349 |     305 |  46.6 |      16 |       8 |  33.3
        D:5 |     876 |       0 |   0.0 |      31 |       0 |   0.0
        D:6 |     350 |     228 |  39.4 |       9 |       4 |  30.8
    Ossuary |       0 |     154 | 100.0 |       0 |      16 | 100.0
            +---------+---------+-------+---------+---------+-------
